 Dungeon Crawl Stone Soup version 0.31-a0-986-g5e6e4ef867 (webtiles) character file.

Game seed: 9162411161364799021

528 dialectric the Covert (level 7, 0/35 (36) HPs)
             Began as a Spriggan Delver on Nov 11, 2023.
             Slain by a kobold brigand
             ... wielding a +0 dagger
              (7 damage)
             ... on level 7 of the Dungeon.
             The game lasted 00:09:01 (5087 turns).

dialectric the Covert (Spriggan Delver)             Turns: 5087, Time: 00:09:01

HP:   0/35 (36)     AC:  2    Str: 14    XL:     7   Next: 3%
MP:   8/8           EV: 19    Int: 11    God:
Gold: 234           SH:  0    Dex: 19    Spells: 6/6 levels left

rFire   . . .        a - +0 short sword
rCold   + . .        (no shield)
rNeg    . . .        b - +0 robe
rPois   .            (helmet restricted)
rElec   .            (no cloak)
rCorr   .            (gloves unavailable)
SInv    +            (boots unavailable)
Will    +....        (no amulet)
Stlth   +++++        p - ring of protection from cold
HPRegen 0.25/turn    q - +6 ring of strength
MPRegen 0.11/turn

%: no passive effects
@: lightly drained, very quick
A: very small, no large weapons, unfitting armour, see invisible, speed 3
a: no special abilities


You were on level 7 of the Dungeon.
You visited 1 branch of the dungeon, and saw 7 of its levels.

You collected 234 gold pieces.

Inventory:

Hand Weapons
 a - a +0 short sword (weapon)
Missiles
 k - a throwing net
 s - a poisoned dart (quivered)
Armour
 b - a +0 robe (worn)
Jewellery
 p - a ring of protection from cold (left hand)
 q - a +6 ring of strength (right hand)
 w - a ring of flight
Wands
 g - a wand of digging (2)
Scrolls
 c - 2 scrolls of fog
 d - a scroll of revelation
 e - 2 scrolls of fear
 i - 4 scrolls of teleportation
 l - 3 scrolls of identify {unknown}
 n - 2 scrolls of noise {unknown}
 o - a scroll of enchant weapon {unknown}
 t - 2 scrolls of butterflies {unknown}
Potions
 f - a potion of haste
 h - a potion of enlightenment {unknown}
 j - 2 potions of brilliance {unknown}
 m - 2 potions of magic
 r - a potion of resistance {unknown}
 u - 2 potions of attraction {unknown}
 v - a potion of invisibility {unknown}
 x - a potion of heal wounds {unknown}


   Skills:
 * Level 3.1 Fighting
 + Level 3.9 Short Blades
 + Level 1.5 Throwing
 + Level 3.7 Dodging
 + Level 11.4 Stealth


You had 6 spell levels left.
You didn't know any spells.
Your spell library contained the following spells:

 Spells                   Type           Power      Damage    Failure   Level
 Summon Guardian Golem    Hex/Summ       0%         N/A       71%         3
 Summon Lightning Spire   Summ/Air       0%         N/A       98%         4
 Summon Hydra             Summ           0%         N/A       100%        7


Dungeon Overview and Level Annotations

Branches:
Dungeon (7/15)             Temple (0/1) D:4

Altars:
Ru

Shops:
D:1 [   D:5 (=

Annotations:
D:3 Terence


Innate Abilities, Weirdness & Mutations

You are very small and have problems with some larger weapons.
You are too small for most types of armour.
You have supernaturally acute eyesight. (SInv)
You cover ground extremely quickly. (Speed+++)


Message History

The kobold closely misses you.
Unknown command.
You barely miss the kobold brigand. You barely miss the kobold brigand.
The kobold misses you. The kobold barely misses you.
The kobold brigand closely misses you.
You hit the kobold.
You kill the kobold!
The kobold hits you with a +0 short sword.
The kobold brigand misses you.
Unknown command.
The kobold attacks as it pursues you!
The kobold hits you with a +0 short sword.
The kobold brigand barely misses you.
Items here: ( )) ††.
Throw: 2 darts (poison)
Press: ? - help, Q - select action, (/) - cycle Shift-Dir - straight line, f/p - kobold brigand
Aim: a kobold brigand, wielding a +0 dagger and quivering poisoned darts (51% to hit)
You throw a poisoned dart.
The poisoned dart hits the kobold brigand.
Unknown command.
You hit the kobold brigand but do no damage.
The kobold hits you but does no damage. The kobold brigand barely misses you.
You hit the kobold brigand.
The kobold brigand is lightly wounded.
The kobold misses you. The kobold brigand misses you.
The kobold barely misses you.
You barely miss the kobold. The kobold misses you.
The kobold brigand hits you with a +0 dagger!
You miss the kobold. The kobold closely misses you.
The kobold brigand misses you.
You barely miss the kobold. You hit the kobold.
You kill the kobold!
The kobold brigand misses you.
The kobold brigand hits you with a +0 dagger.
* * * LOW HITPOINT WARNING * * *
Items here: (( ))) †††.
The kobold brigand attacks as it pursues you!
The kobold brigand hits you with a +0 dagger!
You die...

#......# #......#
#......# #..(...#
#......# #......#
#......# #...@..#
#.....#...K..#
#.....#..()..#
#.....#......#
#.....#......#
#.....#......#
#+####.....+......#
#...##.....#......#
#...##.....#......#


You could see a kobold brigand.

Vanquished Creatures
  An ogre (D:6)
  2 scorpions
  2 hounds (D:6)
  A gnoll bouda (D:6)
  2 iguanas
  6 adders
  A gnoll (D:6)
  3 worms
  5 dart slugs
  7 orcs
  9 endoplasms
  11 goblins
  12 hobgoblins
  4 jackals (D:1)
  3 quokkas
  7 ball pythons
  7 bats
  2 frilled lizards
  8 kobolds
  7 rats
100 creatures vanquished.

Notes
Turn   | Place    | Note
-------+----------+-------------------------------------------
     0 | D:5      | dialectric the Spriggan Delver began the quest for the Orb.
     0 | D:5      | Reached XP level 1. HP: 11/11 MP: 2/2
     1 | D:5      | Noticed a scorpion
     1 | D:5      | Noticed a water moccasin
   150 | D:5      | Found Lailuth's Jewellery Emporium.
   162 | D:5      | Noticed a gnoll bouda
   172 | D:5      | Noticed a gnoll bouda
   215 | D:5      | Noticed a scorpion
   248 | D:5      | Noticed a phantom
   335 | D:5      | Found Sahif's Antique Weapon Boutique.
   370 | D:4      | Noticed a scorpion
   377 | D:4      | Killed a scorpion
   378 | D:4      | Reached skill level 8 in Stealth
   378 | D:4      | Reached XP level 2. HP: 16/16 MP: 3/3
   378 | D:4      | Reached XP level 3. HP: 19/19 MP: 4/4
   825 | D:4      | Reached skill level 9 in Stealth
   825 | D:4      | Reached XP level 4. HP: 23/23 MP: 5/5
  1145 | D:4      | Found a staircase to the Ecumenical Temple.
  1353 | D:3      | Found a sacrificial altar of Ru.
  1783 | D:3      | Noticed Terence
  1962 | D:2      | Reached XP level 5. HP: 23/27 MP: 6/6
  2802 | D:2      | Reached skill level 10 in Stealth
  2958 | D:1      | Found Widyerid's Armour Shoppe.
  3173 | D:1      | Got the Folio of Allies
  3549 | D:1      | Found a faded altar of an unknown god.
  3867 | D:5      | Noticed a phantom
  4101 | D:5      | Reached XP level 6. HP: 22/32 MP: 7/7
  4265 | D:6      | Reached skill level 11 in Stealth
  4390 | D:6      | Noticed a sky beast
  4476 | D:6      | Reached skill level 1 in Throwing
  4910 | D:6      | Reached XP level 7. HP: 36/36 MP: 8/8
  5087 | D:7      | Slain by a kobold brigand

Illustrated notes

Levels and vault maps discovered:
D:1:      wander_arrival_desolate, layout_basic,
          hellmonk_ecumenical_altar_inner_sanctum, serial_shops, shop
D:2:      layout_basic, corexii_corridor_pit, minmay_misc_feat_more_columns,
          kennysheep_pointless_box
D:3:      layout_rooms, overflow_temple_1_default, uniq_terence
D:4:      layout_basic, temple_statues, minmay_fountain_box, minivault_23,
          grunt_decor_cap, minmay_quantized
D:5:      layout_basic, enter_ossuary_4, serial_shops, shop,
          nicolae_take_the_stairs, minmay_bent
D:6:      layout_loops_ring, tgw_xom, chequers_jeans, st_stairs_13
D:7:      layout_gridville, elyvilon_altar_1, serial_shops,
          nicolae_shop_gibbet_a_chance

Skill      XL: |  1  2  3  4  5  6 |
---------------+-------------------+-----
Stealth        | 8 9 10 11 | 11.4
Dodging        | 3 |  3.7
Short Blades   | 3 |  3.9
Fighting       | 3 |  3.1
Throwing       | 1 |  1.5

Action                     |  1- 3 |  4- 6 |  7- 9 || total
---------------------------+-------+-------+-------++-------
  Melee: Short sword       |    28 |   306 |    27 ||   361
         Punch             |       |     2 |       ||     2
  Throw: Dart              |       |    33 |     6 ||    39
  Evoke: Wand              |     1 |       |       ||     1
    Use: Scroll            |       |     1 |       ||     1
         Potion            |       |     2 |       ||     2
   Stab: Sleeping          |     5 |    33 |       ||    38
         Distracted        |       |     2 |       ||     2
 Armour: Robe              |     8 |    67 |    14 ||    89
  Dodge: Dodged            |    19 |   231 |    30 ||   280

Table legend: (Time is in decaauts)
 A = Elapsed time spent in this place.
 B = Non-inter-level travel time spent in this place.
 C = Inter-level travel time spent in this place.
 D = Time resting spent in this place.
 E = Time spent auto-exploring this place.
 F = Levels seen in this place.
 G = Mean time per level.
                   A        B        C        D        E       F      G
               +--------+--------+--------+--------+--------+-----+--------+
         Total |   3512 |   3354 |    158 |    228 |   1877 |   7 |  501.7 |
       Dungeon |   3512 |   3354 |    158 |    228 |   1877 |   7 |  501.7 |
               +--------+--------+--------+--------+--------+-----+--------+

Top non-repeatable levels by time:
     D:4: 848 daAuts
     D:2: 693 daAuts
     D:1: 573 daAuts
     D:6: 505 daAuts
     D:5: 409 daAuts
     D:3: 363 daAuts
     D:7: 117 daAuts
